 Dungeon Crawl Stone Soup version 0.30-a0-1043-g60ff8d5f49 (webtiles) character file.

Game seed: 695507403042032980

37 jlumianski the Trooper (level 3, -1/29 HPs)
             Began as a Demonspawn Fighter on Apr 9, 2023.
             Was an Initiate of Okawaru.
             Slain by Sigmund
             ... wielding a +0 scythe
              (9 damage)
             ... on level 2 of the Dungeon.
             The game lasted 00:08:37 (1120 turns).

jlumianski the Trooper (Demonspawn Fighter)         Turns: 1120, Time: 00:08:38

Health: -1/29      AC:  6    Str: 20    XL:     3   Next: 23%
Magic:  3/3        EV:  9    Int:  4    God:    Okawaru [......]
Gold:   595        SH:  5    Dex: 20    Spells: 2/2 levels left

rFire   . . .      SeeInvis .    a - +0 war axe
rCold   . . .      Faith    .    c - +0 buckler
rNeg    + + +      Spirit   .    b - +0 scale mail
rPois   +          Reflect  .    (no helmet)
rElec   +          Rampage  .    (no cloak)
rCorr   .                        (no gloves)
Will    .....                    (no boots)
Stlth   ++                       n - amulet of Kaiqiol {RegenMP +Inv Str+2}
HPRegen 0.24/turn                l - ring "Tacoj" {rElec rPois rN+++ Int-5 Dex+6 Stlth+}
MPRegen 0.48/turn                (no ring)

@: mighty
A: thin skeletal structure 1
a: Renounce Religion, Evoke Invisibility


You were on level 2 of the Dungeon.
You worshipped Okawaru.
Okawaru was noncommittal.
You visited 1 branch of the dungeon, and saw 3 of its levels.

You collected 595 gold pieces.

Inventory:

Hand Weapons
 a - a +0 war axe (weapon)
Missiles
 e - 26 stones (quivered)
Armour
 b - a +0 scale mail (worn)
 c - a +0 buckler (worn)
Jewellery
 l - the ring "Tacoj" (left hand) {rElec rPois rN+++ Int-5 Dex+6 Stlth+}
   (You acquired it on level 2 of the Dungeon)

   [ring of dexterity]

   Int:       It affects your intelligence (-5).
   Dex:       It affects your dexterity (+6).
   rElec:     It insulates you from electricity.
   rPois:     It protects you from poison.
   rN:        It renders you almost immune to negative energy.
   Stlth:     It makes you more stealthy.
 n - the amulet of Kaiqiol (around neck) {RegenMP +Inv Str+2}
   (You acquired it on level 2 of the Dungeon)

   [amulet of magic regeneration]

   It increases your rate of magic regeneration.
   Str:       It affects your strength (+2).
   +Inv:      It lets you turn invisible.
 r - a ring of protection from cold
Scrolls
 m - a scroll of blinking {unknown}
 o - 3 scrolls of identify {unknown}
 p - a scroll of noise {unknown}
 q - a scroll of teleportation {unknown}
Potions
 d - a potion of might
 f - a potion of lignification {unknown}
 g - a potion of heal wounds {unknown}
 h - a potion of cancellation {unknown}
 i - 2 potions of curing
 j - 2 potions of flight {unknown}
 k - a potion of invisibility {unknown}


   Skills:
 * Level 3.3 Fighting
 * Level 2.4 Axes
 * Level 3.0 Armour
 * Level 0.2 Stealth
 * Level 2.9 Shields


You had 2 spell levels left.
You didn't know any spells.
Your spell library was empty.

Dungeon Overview and Level Annotations

Branches:
Dungeon (3/15)

Altars:
Okawaru

Annotations:
D:2 Sigmund


Innate Abilities, Weirdness & Mutations

You have a somewhat thin skeletal structure. (Dex +2, Stealth+)


Message History

Things that are here:
a +0 dagger; 4 stones; a bat corpse You hit the ball python but do no damage.
You block the ball python's attack. The ball python constricts you.
You block the ball python's attack. The ball python constricts you.
You slash the ball python!
You kill the ball python!
Okawaru accepts your kill.
You see here a ball python corpse.
q - a scroll labelled IXZEL SYRAG
e - 26 stones (gained 4)
Things that are here:
a +0 dagger; a bat corpse You see here a ball python corpse.
Done exploring.
(D) Dungeon
Where to? (? - help)
What level of the Dungeon? (default 1, ? - help)
There is a stone staircase leading down here.
You climb downwards.
Level annotation: Sigmund
There is a stone staircase leading up here.
r - a ring of protection from cold
Found a ring mail.
Sigmund shouts!
Sigmund barely misses you.
You feel very mighty all of a sudden.
Sigmund casts a spell.
Sigmund flickers and vanishes!
Deactivating autopickup; reactivate with Ctrl-A.
You closely miss something. Something hits you!
You slash something! Something hits you!
You closely miss something. Something hits you.
You closely miss something. Something hits you but does no damage.
You miss something. Something hits you!
* * * LOW HITPOINT WARNING * * *
You miss something. Something hits you but does no damage.
You closely miss something. You block something's attack.
It was a potion of curing.
You feel better. Something hits you!
You die...

#.........###...####...>.......#
##..###.#### #...# #.............
.....##.# ##....#............#
.....##.#######..#..............#
.....##........................##
.....##.....#..#.####.........##
#>...######.........#.......###
####..#### #........#.......#
##....###....@{............
####.##.........#.......##
#.##.#.....[.#########
####....#.......#
.............###.###
#########....# ... ........###..
#..........# ## #............


There were no monsters in sight!

Vanquished Creatures
  A gnoll (D:2)
  An orc (D:3)
  2 endoplasms (D:1)
  3 goblins (D:1)
  2 hobgoblins
  5 kobolds (D:1)
  2 quokkas
  3 ball pythons
  2 bats (D:1)
  2 frilled lizards (D:1)
  4 rats (D:1)
27 creatures vanquished.

Notes
Turn   | Place    | Note
-------+----------+-------------------------------------------
     0 | D:1      | jlumianski the Demonspawn Fighter began the quest for the
                  | Orb.
     0 | D:1      | Reached XP level 1. HP: 18/18 MP: 1/1
     0 | D:1      | Upgraded the game from 0.30-a0-1035-g38d5fb2972 to
                  | 0.30-a0-1043-g60ff8d5f49
   208 | D:3      | Gained mutation: You have a somewhat thin skeletal
                  | structure. (Dex +2, Stealth+) [demonic ancestry]
   208 | D:3      | Reached XP level 2. HP: 3/24 MP: 2/2
   466 | D:2      | Found an iron altar of Okawaru.
   476 | D:2      | Became a worshipper of Warmaster Okawaru
   538 | D:2      | Noticed Sigmund
   582 | D:2      | Identified 3 scrolls of acquirement
   582 | D:2      | Acquired 584 gold pieces
   584 | D:2      | Acquired the amulet of Kaiqiol {RegenMP +Inv Str+2}
   591 | D:2      | Acquired the ring "Tacoj" {rElec rPois rN+++ Int-5 Dex+6
                  | Stlth+}
   842 | D:1      | Reached XP level 3. HP: 29/29 MP: 3/3
  1120 | D:2      | Slain by Sigmund

Illustrated notes

Levels and vault maps discovered:
D:1:      mrwooster_arrival_statue, layout_rooms
D:2:      layout_rooms, basic_altar, kennysheep_generic_room_9, uniq_sigmund
D:3:      layout_loops_ring, gammafunk_temple_overflow_statue,
          nicolae_vehumet_altar_sigil

Skill      XL: |  1  2 |
---------------+-------+-----
Axes           | 2 |  2.4
Armour         | 3 |  3.0
Fighting       | |  3.3
Stealth        | |  0.2
Shields        | |  2.9

Action                     || total
---------------------------++-------
  Melee: War axe           ||    87
  Throw: Stone             ||     5
    Use: Potion            ||     3
         Scroll            ||     3
 Armour: Scale mail        ||    40
  Dodge: Dodged            ||    55
  Block: Buckler           ||    28

Table legend: (Time is in decaauts)
 A = Elapsed time spent in this place.
 B = Non-inter-level travel time spent in this place.
 C = Inter-level travel time spent in this place.
 D = Time resting spent in this place.
 E = Time spent auto-exploring this place.
 F = Levels seen in this place.
 G = Mean time per level.
                   A        B        C        D        E       F      G
               +--------+--------+--------+--------+--------+-----+--------+
         Total |   1163 |   1140 |     23 |    134 |    319 |   3 |  387.7 |
       Dungeon |   1163 |   1140 |     23 |    134 |    319 |   3 |  387.7 |
               +--------+--------+--------+--------+--------+-----+--------+

Top non-repeatable levels by time:
     D:1: 650 daAuts
     D:2: 409 daAuts
     D:3: 104 daAuts
